 Dungeon Crawl Stone Soup version 0.18.1-50-g88ac8fd (webtiles) character file.

95 Gargoyl the Skirmisher (level 4, -2/36 HPs)
             Began as a Demonspawn Abyssal Knight on Oct 6, 2016.
             Was a Believer of Lugonu.
             Killed by divine providence
             ... invoked by an orc priest
              (12 damage)
             ... on level 4 of the Dungeon.
             The game lasted 00:05:00 (2589 turns).

Gargoyl the Skirmisher (Demonspawn Abyssal Knight)  Turns: 2589, Time: 00:05:01

Health: -2/36      AC: 11    Str: 14    XL:     4   Next: 39%
Magic:  6/6        EV:  8    Int: 13    God:    Lugonu [**....]
Gold:   99         SH:  0    Dex: 12    Spells: 0 memorised, 3 levels left

rFire  . . .     SeeInvis .     a - +1 hand axe
rCold  . . .     Gourm    .     g - +0 chain mail
rNeg   . . .     Faith    .     (no shield)
rPois  .         Spirit   .     m - +0 helmet
rElec  .         Dismiss  .     (no cloak)
rCorr  .         Reflect  .     j - +0 pair of gloves
SustAt .         Harm     .     (no boots)
MR     .....                    (no amulet)
Stlth  ..........               (no ring)
                                (no ring)

@: not resistant to hostile enchantments, extremely unstealthy
A: claws 1, repulsion field 1, nightstalker 1
a: Depart the Abyss, Bend Space, Renounce Religion


You were on level 4 of the Dungeon.
You worshipped Lugonu.
Lugonu was pleased with you.
You were hungry.

You visited 1 branch of the dungeon, and saw 4 of its levels.
You visited the Abyss 1 time.

You collected 99 gold pieces.

Inventory:

Hand Weapons
 a - a +1 hand axe (weapon)
Armour
 g - a +0 chain mail (worn)
 j - a +0 pair of gloves (worn)
 m - a +0 helmet (worn)
Wands
 e - a wand of paralysis (8/24)
Scrolls
 f - 2 scrolls of remove curse {unknown}
 i - 3 scrolls of identify {unknown}
 l - a scroll of amnesia {unknown}
 n - a scroll of teleportation {unknown}
Potions
 d - a potion of flight {unknown}
Books
 b - a book of Beasts

   Spells                             Type                      Level
   a - Summon Butterflies             Summoning                    1
   b - Call Canine Familiar           Summoning                    3
   c - Summon Ice Beast               Ice/Summoning                4
   d - Summon Mana Viper              Hexes/Summoning              5
   e - Summon Hydra                   Summoning                    7
Comestibles
 c - 2 bread rations
 h - a meat ration
 k - a slice of pizza


   Skills:
 + Level 3.6 Fighting
 + Level 2.3 Axes
 * Level 2.6 Armour
 + Level 1.3 Dodging
 * Level 3.4 Invocations


You had 3 spell levels left.
You didn't know any spells.

Dungeon Overview and Level Annotations

Branches:
Dungeon (4/15)
 Temple: D:4-7

Altars:


Innate Abilities, Weirdness & Mutations

You have sharp fingernails.
You are surrounded by a mild repulsion field (EV +2).
You are slightly more attuned to the shadows.


Message History

You hit the iguana but do no damage.
The iguana is moderately wounded.
The iguana bites you!
You hit the iguana.
The iguana is severely wounded.
The iguana bites you.
* * * LOW HITPOINT WARNING * * *
The iguana barely misses you.
An orc and an orc priest come into view.
The orc priest shouts!
You hit the iguana.
The iguana is severely wounded.
The iguana barely misses you.
You completely miss the iguana.
The iguana is severely wounded.
You hit the orc.
The orc is lightly wounded.
The orc priest calls down the wrath of Beogh upon you.
Beogh smites you!
You die...

................
#........###..#
#........# #..#.......
#........###..#.......
##.....#...##..#...#...
.....###.......#.......
.......................
...............#.o..o..
####............@l...o.
.# #......###....#.##.#
.###.................
.'...).....#..?........
.####+#................
..<...............###..
..........##...#..#
..........# .........


You could see an iguana, an orc priest and 2 orcs.

Vanquished Creatures
  Robin (D:2)
  2 adders (D:2)
  An ooze (D:2)
  2 worms (D:2)
  A giant gecko (D:2)
  9 bats
  A giant cockroach (D:1)
  12 goblins
  7 hobgoblins
  9 kobolds
  A quokka (D:2)
  4 giant newts
  A rat (D:2)
51 creatures vanquished.

Notes
Turn   | Place    | Note
--------------------------------------------------------------
     0 | Abyss:1  | Gargoyl the Demonspawn Abyssal Knight began the quest for the Orb.
     0 | Abyss:1  | Reached XP level 1. HP: 18/18 MP: 2/2
    59 | Abyss:3  | Noticed a tentacled starspawn
    61 | Abyss:3  | Noticed a large abomination
    84 | D:1      | Escaped the Abyss
   160 | D:1      | Reached * piety under Lugonu
   169 | D:1      | Reached skill level 1 in Dodging
   172 | D:1      | Gained mutation: You are slightly more attuned to the shadows. [demonic ancestry]
   172 | D:1      | Reached XP level 2. HP: 11/24 MP: 3/3
  1255 | D:2      | Noticed Robin
  1266 | D:2      | Gained mutation: You are surrounded by a mild repulsion field (EV +2). [demonic ancestry]
  1266 | D:2      | Reached XP level 3. HP: 24/29 MP: 5/5
  1289 | D:2      | Killed Robin
  1833 | D:2      | Gained mutation: You have sharp fingernails. [demonic ancestry]
  1833 | D:2      | Reached XP level 4. HP: 36/36 MP: 6/6
  1864 | D:2      | Reached ** piety under Lugonu
  2589 | D:4      | Killed from afar by an orc priest

Skill      XL: |  1  2  3 |
---------------+----------+-----
Dodging        | 1 |  1.3
Armour         | 2 |  2.6
Invocations    | 3 |  3.4
Axes           | 2 |  2.3
Fighting       | |  3.6

Action                   |  1- 3 |  4- 6 || total
-------------------------+-------+-------++-------
Melee: Hand axe          |   100 |   110 ||   210
Invok: Depart the Abyss  |     1 |       ||     1
  Use: Potion            |     2 |       ||     2
  Eat: Chunk             |     3 |     2 ||     5
Armor: Chain mail        |    90 |    54 ||   144
Dodge: Dodged            |    63 |    36 ||    99
